 Dungeon Crawl Stone Soup version 0.30-a0-272-gf98c3da03f (webtiles) character file.

Game seed: 1993953457635674287

37160 Zonian the Fighter (level 14, -1/157 HPs)
             Began as a Djinni Ice Elementalist on Oct 15, 2022.
             Was a Priest of Ashenzari.
             Slain by a wolf (4 damage)
             ... on level 5 of the Lair of Beasts.
             The game lasted 00:43:07 (20056 turns).

Zonian the Fighter (Djinni Ice Elementalist)       Turns: 20056, Time: 00:43:08

Health: -1/157     AC: 31    Str:  7    XL:     14   Next: 27%
Gold:   933        EV:  2    Int: 17    God:    Ashenzari [***...] SH:  0 Dex: 19

rFire   . . .      SeeInvis +    f - +4 rapier (spect)
rCold   . . .      Faith    .    (no shield)
rNeg    . . .      Spirit   .    (body armour currently unavailable)
rPois   ∞          Reflect  .    (helmet currently unavailable)
rElec   .          Harm     .    (cloak currently unavailable)
rCorr   .          Rampage  .    (gloves currently unavailable)
Will    +....      Clarity  +    (boots unavailable)
Stlth   +++++..... NoTele   +    B - amulet of the acrobat
HPRegen 0.46/turn                b - ring of the Lashed Augurer {AC+4, Cun, Range} (curse)
MPRegen 0.00/turn                m - ring of the Unyielding Gaze {EV+4, Fort, Melee} (curse)

@: tree-form, on berserk cooldown, slowed, very slow
A: stationary, stasis, torment immunity, boosted hp, sickness immunity, (fire
resistance 2), (cold vulnerability 1), float, innate caster, HP casting, extra
vitality 1
a: Renounce Religion, Curse Item, Shatter the Chains


You were on level 5 of the Lair of Beasts.
You worshipped Ashenzari.
Ashenzari was most pleased with you.
You were a tree.
You visited 4 branches of the dungeon, and saw 18 of its levels.
You also visited: Bailey.

You collected 933 gold pieces.

Inventory:

Hand Weapons
 d - a +0 short sword
 f - a +4 spectral rapier (weapon)
 k - a +0 sling
 t - a +3 dagger of venom
 G - a +3 short sword of flaming
Missiles
 a - 5 boomerangs
 e - 22 poisoned darts (quivered)
 l - 6 javelins
 y - a throwing net
Armour
 q - the cursed +2 cloak of Ashenzari's Seeker (melded) {Stlth+, Range, Cun}
   (You found it on level 2 of the Dungeon)

   It has a curse which improves the following skills: Ranged Combat: Ranged
   Weapons and Throwing.
   Cunning:   Dodging and Stealth.
 x - the cursed +5 leather armour "Chained With Me" (melded) {Harm Drain rC++ SInv, Melee, Range}
   (You found it on level 6 of the Dungeon)

   rC:        It greatly protects you from cold.
   SInv:      It lets you see invisible.
   Drain:     It drains your maximum health when unequipped.
   Harm:      It increases damage dealt and taken.
   It has a curse which improves the following skills: Melee Combat: Short
   Blades, Long Blades, Axes, Maces & Flails, Polearms, Staves and Unarmed
   Combat.
   Ranged Combat: Ranged Weapons and Throwing.
 M - a +2 helmet (melded)
Jewellery
 b - the cursed ring of the Lashed Augurer (left branch) {AC+4, Cun, Range}
   (You found it on level 1 of the Dungeon)

   [ring of protection]

   AC:        It affects your AC (+4).
   It has a curse which improves the following skills: Cunning: Dodging and
   Stealth.
   Ranged Combat: Ranged Weapons and Throwing.
 m - the cursed ring of the Unyielding Gaze (right branch) {EV+4, Fort, Melee}
   (You found it on level 1 of the Dungeon)

   [ring of evasion]

   EV:        It affects your evasion (+4).
   It has a curse which improves the following skills: Fortitude: Armour and
   Shields.
   Melee Combat: Short Blades, Long Blades, Axes, Maces & Flails, Polearms,
   Staves and Unarmed Combat.
 w - a +6 ring of strength
 B - an amulet of the acrobat (around neck)
 D - a ring of see invisible
 F - a ring of fire
Wands
 n - a wand of flame (10)
 u - a wand of light (9)
 I - a wand of iceblast (3)
 L - a wand of paralysis (6)
Scrolls
 c - 4 scrolls of teleportation
 h - 3 scrolls of butterflies
 i - 3 scrolls of immolation
 s - 3 scrolls of brand weapon
 z - a scroll of summoning
 H - a scroll of enchant armour
 J - a scroll of magic mapping
Potions
 g - 4 potions of curing
 j - 4 potions of resistance
 o - 3 potions of haste
 p - 2 potions of berserk rage
 r - 3 potions of attraction
 v - 3 potions of lignification
 A - 2 potions of might
 C - a potion of cancellation
 E - 2 potions of degeneration
Miscellaneous
 K - a lightning rod (4/4)


   Skills:
 + Level 11.4 Fighting
 + Level 7.1(8.7) Short Blades
 + Level 11.2(12.8) Dodging
 + Level 11.0(12.6) Stealth
 + Level 9.8 Spellcasting


You had 3 spell levels left.
You knew the following spells:

 Your Spells              Type           Power      Damage    Failure   Level
a - Freeze                Ice            100%       1d10      1%          1
b - Frozen Ramparts       Ice            82%        1d13      1%          3
c - Ozocubu's Armour      Ice            41%        N/A       1%          3
d - Summon Ice Beast      Ice/Summ       41%        N/A       1%          4
e - Summon Small Mammal   Summ           100%       N/A       1%          1
f - Wereblood             Tmut           41%        N/A       1%          2
g - Inner Flame           Hex/Fire       41%        N/A       1%          3
h - Summon Guardian Gole  Hex/Summ       41%        N/A       1%          3
i - Leda's Liquefaction   Hex/Erth       20%        N/A       1%          4
j - Summon Forest         Summ/Tloc      20%        N/A       4%          5
Your spell library was empty.

Dungeon Overview and Level Annotations

Branches:
Dungeon (11/15)            Temple (1/1) D:6            Lair (5/5) D:8
  Swamp (0/4) Lair:2       Spider (0/4) Lair:3        Slime (1/5) Lair:4
 Bailey (visited)
    Orc: D:9-12

Altars:
Ashenzari
Cheibriados
Dithmenos
Elyvilon
Fedhas
Gozag
Hepliaklqana
Makhleb
Nemelex Xobeh
Okawaru
Qazlal
Ru
Trog
Uskayaw
Wu Jian
Xom
Yredelemnul
Zin
The Shining One

Annotations:
Lair:2 exclusion: oklob plant


Innate Abilities, Weirdness & Mutations

You are a tree.
Your roots penetrate the ground, keeping you stationary.
You cannot be teleported.
You are immune to unholy pain and torment.
Your maximum health is greatly increased.
Your equipment is partially melded.
You are immune to sickness and miasma.
You are immune to poison.
((Your flesh is very heat resistant. (rF++)))
((You are vulnerable to cold. (rC-)))
You float through the air rather than walking.
You learn spells naturally, not from books.
Your magical power is your life essence.
You have superior vitality. (+4 MHP)


Message History

* * * LOW HITPOINT WARNING * * *
The blink frog blinks!
The wolf bites you but does no damage.
The blink frog blinks!
The wolf bites you but does no damage.
The polar bear bites you but does no damage.
The polar bear claws you.
* * * LOW HITPOINT WARNING * * *
The polar bear claws you but does no damage.
The water moccasin bites you but does no damage.
The wolf bites you but does no damage. The wolf barely misses you.
The wolf bites you but does no damage.
Okay, then.
Okay, then.
Okay, then.
You feel better.
The black mamba bites you but does no damage.
The wolf bites you.
* * * LOW HITPOINT WARNING * * *
The wolf bites you but does no damage. x2; The polar bear barely misses you. x2
The polar bear claws you but does no damage.
The wolf bites you.
* * * LOW HITPOINT WARNING * * *
The black mamba bites you but does no damage.
The wolf completely misses you.
The water moccasin bites you but does no damage.
The wolf bites you but does no damage. The wolf bites you.
* * * LOW HITPOINT WARNING * * *
The wolf bites you.
* * * LOW HITPOINT WARNING * * *
The polar bear bites you but does no damage.
The polar bear claws you but does no damage. x2
The black mamba bites you but does no damage.
The wolf bites you but does no damage. x3
The water moccasin bites you but does no damage.
The wolf bites you but does no damage.
You feel better. The wolf bites you.
* * * LOW HITPOINT WARNING * * *
The black mamba bites you.
* * * LOW HITPOINT WARNING * * *
The wolf bites you but does no damage. x3; The wolf bites you.
You die...

, *.................
. , , *
#............?... ,
. ,
##................ .
, #...............#,
,. *#P....#.......#,
* . # *
##.....#......# ,.
...##.lhkl#......##
, .....hhhhh.#F....#
, , ,
.....hh♣SF.#.....PF.
......ShhF.#....Fh..
.......SF.......PPF.
*
###...#.[#..#....P##
* ##.##########..##*
##* P.# *


You could see 2 polar bears, 2 komodo dragons, a black mamba, a cane toad, 2
blink frogs, a rime drake, 2 water moccasins and 8 wolves.

Vanquished Creatures
  2 hydras
  A catoblepas (Lair:3)
  2 two-headed ogres
  7 death yaks (Lair:4)
  Pikel (D:5)
  A manticore (D:11)
  Maurice (D:8)
  11 elephants
  4 black mambas
  8 cane toads
  A gargoyle (D:9)
  A rime drake (Lair:3)
  2 komodo dragons
  7 polar bears
  5 trolls
  10 dream sheep
  14 blink frogs
  2 jumping spiders (Lair:3)
  A culicivora (Lair:3)
  Grum (D:8)
  5 wyverns
  4 basilisks
  2 wraiths
  36 yaks
  3 redbacks (Lair:3)
  2 swamp worms (Lair:2)
  9 water moccasins
  A swamp drake (D:8)
  10 orc warriors
  4 black bears
  3 sky beasts
  An ice beast (D:6)
  2 ogres (D:6)
  3 wolves (D:8)
  2 centaurs (D:7)
  Blork the orc (D:4)
  A kobold brigand (D:9)
  A necrophage (D:8)
  6 bullfrogs
  2 scorpions
  6 wights
  4 killer bees (D:10)
  6 howler monkeys
  3 jellies
  5 hounds
  A gnoll bouda (D:8)
  An orc priest (D:9)
  3 iguanas
  9 orc wizards
  3 gnolls (D:8)
  4 adders
  2 white imps
  4 worms
  2 dart slugs
  29 orcs
  2 bats (D:1)
  4 endoplasms
  A giant cockroach (D:4)
  9 goblins
  15 hobgoblins
  4 jackals (D:3)
  2 quokkas (D:5)
  3 ball pythons
  3 frilled lizards
  7 kobolds
  13 rats
325 creatures vanquished.

Vanquished Creatures (collateral kills)
  3 yaks (Lair:2)
3 creatures vanquished.

Vanquished Creatures (others)
  28 fungi
  21 plants
49 creatures vanquished.

Grand Total: 377 creatures vanquished

Notes
Turn   | Place    | Note
-------+----------+-------------------------------------------
     0 | D:1      | Zonian the Djinni Ice Elementalist began the quest for the
                  | Orb.
     0 | D:1      | Zonian set off with the following spells memorised: Freeze,
                  | Frozen Ramparts, Ozocubu's Armour, Summon Ice Beast.
     0 | D:1      | Reached XP level 1. HP: 15/15 MP: 0/0
   361 | D:1      | Reached XP level 2. HP: 21/21 MP: 0/0
   390 | D:1      | Found a faded altar of an unknown god.
   589 | D:1      | Reached XP level 3. HP: 23/25 MP: 0/0
   589 | D:1      | Learned a level 1 spell: Summon Small Mammal
  1948 | D:3      | Noticed a black bear
  2294 | D:3      | Killed a black bear
  2295 | D:3      | Reached XP level 4. HP: 14/31 MP: 0/0
  2295 | D:3      | Reached XP level 5. HP: 16/35 MP: 0/0
  2295 | D:3      | Learned a level 2 spell: Wereblood
  2861 | D:4      | Reached XP level 6. HP: 41/41 MP: 0/0
  2980 | D:4      | Reached skill level 1 in Fighting
  2980 | D:4      | Reached skill level 1 in Short Blades
  3482 | D:4      | Noticed Blork the orc
  3492 | D:4      | Killed Blork the orc
  3800 | D:5      | Entered Level 5 of the Dungeon
  3850 | D:5      | Noticed a black bear
  3854 | D:5      | Killed a black bear
  3855 | D:5      | Reached XP level 7. HP: 49/49 MP: 0/0
  3855 | D:5      | Learned a level 3 spell: Inner Flame
  4142 | D:5      | Noticed Pikel
  4156 | D:5      | Killed Pikel
  4157 | D:5      | Reached XP level 8. HP: 17/56 MP: 0/0
  4960 | D:5      | Reached skill level 5 in Spellcasting
  5464 | D:6      | Reached skill level 5 in Stealth
  5484 | D:6      | Found a staircase to the Ecumenical Temple.
  5500 | Temple   | Entered the Ecumenical Temple
  5707 | Temple   | Became a worshipper of Ashenzari the Shackled
  5764 | D:6      | Reached XP level 9. HP: 57/63 MP: 0/0
  5764 | D:6      | Learned a level 3 spell: Summon Guardian Golem
  5915 | D:6      | Identified the +5 leather armour of Grace {Harm Drain rC++
                  | SInv}
  5919 | D:6      | Noticed a two-headed ogre
  5935 | D:6      | Killed a two-headed ogre
  5936 | D:6      | Reached skill level 5 in Fighting
  6838 | D:7      | Found a stormy altar of Qazlal.
  6908 | D:7      | Reached skill level 5 in Short Blades
  6913 | D:7      | Found a flagged portal.
  7068 | D:7      | Reached XP level 10. HP: 58/72 MP: 0/0
  7222 | Bailey   | Entered a bailey
  7808 | Bailey   | Noticed an orc warlord
  7808 | Bailey   | Noticed an orc knight
  7809 | Bailey   | Noticed an orc knight
  8050 | D:7      | Found a basalt altar of Yredelemnul.
  8053 | D:7      | Found a blossoming altar of Fedhas.
  8285 | D:7      | Found a burning altar of Makhleb.
  8537 | D:8      | Reached skill level 5 in Dodging
  8724 | D:8      | Noticed Maurice
  8743 | D:8      | Killed Maurice
  8816 | D:8      | Noticed a komodo dragon
  8885 | D:8      | Killed a komodo dragon
  8946 | D:8      | Found a staircase to the Lair.
  9122 | D:8      | Reached XP level 11. HP: 79/79 MP: 0/0
  9122 | D:8      | Learned a level 4 spell: Leda's Liquefaction
  9138 | D:8      | Noticed Grum
  9165 | D:8      | Killed Grum
  9777 | D:8      | Reached * piety under Ashenzari
 10325 | D:9      | Noticed a two-headed ogre
 10350 | D:9      | Killed a two-headed ogre
 11038 | D:9      | Reached ** piety under Ashenzari
 11264 | D:9      | Found a hide-covered altar of Uskayaw.
 11291 | D:10     | Entered Level 10 of the Dungeon
 11475 | D:10     | Noticed a moth of wrath
 11484 | D:10     | Found a bloodstained altar of Trog.
 12165 | D:10     | Found a snail-covered altar of Cheibriados.
 12354 | D:11     | Noticed a manticore
 12369 | D:11     | Killed a manticore
 12370 | D:11     | Reached XP level 12. HP: 63/88 MP: 0/0
 12721 | Lair:1   | Entered Level 1 of the Lair of Beasts
 14974 | Lair:2   | Found a staircase to the Swamp.
 15153 | Lair:3   | Reached skill level 10 in Fighting
 15366 | Lair:3   | Reached XP level 13. HP: 81/96 MP: 0/0
 15366 | Lair:3   | Learned a level 5 spell: Summon Forest
 15618 | Lair:3   | Found a hole to the Spider Nest.
 15635 | Lair:3   | Reached skill level 10 in Stealth
 16102 | Lair:3   | Reached skill level 10 in Dodging
 16423 | Lair:3   | Reached *** piety under Ashenzari
 16504 | Lair:3   | Noticed a catoblepas
 16509 | Lair:3   | Killed a catoblepas
 17686 | Lair:4   | Noticed a seven-headed hydra
 17688 | Lair:4   | Killed a seven-headed hydra
 18263 | Lair:4   | Reached XP level 14. HP: 98/105 MP: 0/0
 18600 | Lair:4   | Found a staircase to the Slime Pits.
 19067 | Lair:5   | Entered Level 5 of the Lair of Beasts
 19322 | Slime:1  | Entered Level 1 of the Pits of Slime
 19322 | Slime:1  | Noticed an acid blob
 20054 | Lair:5   | HP: 3/157 [polar bear (5)]
 20056 | Lair:5   | Slain by a wolf

Illustrated notes

Levels and vault maps discovered:
D:1:      psy_arrival_conway, layout_basic, hellmonk_ecumenical_altar_zigzags
D:2:      layout_loops_cross
D:3:      layout_rooms
D:4:      layout_loops_corners, uniq_blork_the_orc
D:5:      layout_loops_corners, uniq_pikel
D:6:      layout_loops_ring, minmay_temple_entry_offerings,
          lemuel_flamethrower_2
D:7:      layout_basic, nicolae_qazlal_eye_of_the_storm,
          grunt_temple_overflow_open, enter_bailey_8
D:8:      layout_layer_cave, erik_lair_dragon, uniq_grum, uniq_maurice
D:9:      layout_irregular_city, nicolae_uskayaw_dance_studio
D:10:     layout_basic, lemuel_crystal_altar, tgw_trog
D:11:     layout_gridville, gauntlet_entry_generic
Temple:   regret_index_temple_generic_petals
Lair:1:   layout_loops_ring
Lair:2:   layout_chaotic_city, minmay_swamp_entry_worms, grunt_megastairs_1,
          infiniplex_staircase_pool_2
Lair:3:   layout_regular_city, nicolae_spider_entry_tight_spaces,
          serial_bayou_shore_a
Lair:4:   layout_misc_corridors, slime_entry_1, beast_lair_carwin_8
Lair:5:   grunt_lair_end_beastmaster, layout_gridlike, lemuel_fruit_fields
Slime:1:  layout_caves, uniq_donald

Skill      XL: |  1  2  3  4  5  6  7  8  9 10 11 12 13 14 |
---------------+-------------------------------------------+-----
Stealth        | 2 3 4 5 6 7 8 9 10 11 | 11.0
Dodging        | 3 5 8 9 10 11 | 11.2
Spellcasting   | 4 5 6 7 8 9 |  9.8
Fighting       | 2 3 4 5 7 8 10 11 | 11.4
Short Blades   | 1 3 4 5 6 7 |  7.1

Action                   |  1- 3 |  4- 6 |  7- 9 | 10-12 | 13-15 || total
-------------------------+-------+-------+-------+-------+-------++-------
Melee: Short sword       |    36 |       |       |       |       ||    36
       Unarmed           |     1 |       |       |       |       ||     1
       Dagger            |    25 |    65 |   176 |   217 |       ||   483
       Punch             |       |       |     3 |     9 |     4 ||    16
       Rapier            |       |       |       |   342 |   381 ||   723
Throw: Dart              |       |     8 |     1 |    19 |       ||    28
 Cast: Freeze            |    28 |       |     1 |       |       ||    29
       Frozen Ramparts   |     1 |     1 |     2 |    16 |    13 ||    33
       Inner Flame       |       |       |     2 |       |     1 ||     3
       Leda's Liquefacti |       |       |       |     3 |       ||     3
       Ozocubu's Armour  |       |       |       |     1 |     4 ||     5
       Summon Ice Beast  |       |       |       |     1 |       ||     1
       Wereblood         |       |       |       |       |     5 ||     5
Invok: Curse Item        |       |       |       |     3 |     1 ||     4
Evoke: Wand              |       |       |       |     5 |     2 ||     7
  Use: Scroll            |     1 |    11 |     5 |     3 |    10 ||    30
       Potion            |       |       |       |     1 |     5 ||     6
 Stab: Sleeping          |     3 |     4 |    15 |    31 |    15 ||    68
       Distracted        |     1 |       |       |     3 |     4 ||     8
       Invisible         |       |       |       |     1 |       ||     1
Armor: Robe              |    30 |    10 |    25 |       |       ||    65
       Leather armour    |       |       |     8 |   136 |    88 ||   232
       Skin              |       |       |       |       |   187 ||   187
Dodge: Dodged            |    54 |    44 |   103 |   495 |   358 ||  1054

Table legend: (Time is in decaauts)
 A = Elapsed time spent in this place.
 B = Non-inter-level travel time spent in this place.
 C = Inter-level travel time spent in this place.
 D = Time resting spent in this place.
 E = Time spent auto-exploring this place.
 F = Levels seen in this place.
 G = Mean time per level.
                   A        B        C        D        E       F      G
               +--------+--------+--------+--------+--------+-----+--------+
         Total |  19844 |  19066 |    778 |   7042 |   8920 |  19 | 1044.4 |
       Dungeon |  11935 |  11409 |    526 |   3494 |   6034 |  11 | 1085.0 |
        Temple |    224 |    207 |     17 |      0 |    175 |   1 |  224.0 |
          Lair |   7098 |   6863 |    235 |   3128 |   2711 |   5 | 1419.6 |
    Slime Pits |      1 |      1 |      0 |      0 |      0 |   1 |    1.0 |
        Bailey |    584 |    584 |      0 |    420 |      0 |   1 |  584.0 |
               +--------+--------+--------+--------+--------+-----+--------+

Top non-repeatable levels by time:
  Lair:4: 2808 daAuts
     D:8: 1865 daAuts
  Lair:2: 1851 daAuts
  Lair:3: 1768 daAuts
     D:5: 1385 daAuts
     D:6: 1284 daAuts
    D:10: 1272 daAuts
     D:7: 1228 daAuts
     D:9: 1064 daAuts
     D:4: 1032 daAuts
     D:1: 954 daAuts
     D:2: 921 daAuts
     D:3: 886 daAuts
  Lair:1: 628 daAuts
  Bailey: 584 daAuts
